 Dungeon Crawl Stone Soup version 0.27-a0-1529-g1e82c303ef (webtiles) character file.

Game seed: 2941997573171513291

297 Wyvernaa the Sneak (level 6, -3/29 HPs)
             Began as a Vine Stalker Enchanter on July 11, 2021.
             Slain by an orc (4 damage)
             ... on level 6 of the Dungeon.
             The game lasted 00:22:49 (5168 turns).

Wyvernaa the Sneak (Vine Stalker Enchanter)         Turns: 5168, Time: 00:22:49

Health: -3/29      AC:  2    Str: 10    XL:     6   Next: 35%
Magic:  0/21       EV: 12    Int: 17    God:
Gold:   211        SH:  0    Dex: 17    Spells: 5/11 levels left

rFire    + . .     SeeInvis .   a - +1 dagger (drain)
rCold    + . .     Faith    .   (no shield)
rNeg     . . .     Spirit   +   b - +0 robe
rPois    +         Reflect  .   (no helmet)
rElec    +         Harm     .   (no cloak)
rCorr    +         Rampage  .   (no gloves)
Will     .....                  (no boots)
Stlth    +.........             (no amulet)
HPRegen  1.09/turn              e - ring of magical power
MPRegen  0.17/turn              (no ring)

@: confused, brilliant, resistant, ambrosia-drunk, hasted, very quick
A: fangs 2, regeneration 1, magic shield, antimagic bite, no potion heal 2,
agile 1, poison resistance
a: no special abilities


You were on level 6 of the Dungeon.
You visited 1 branch of the dungeon, and saw 5 of its levels.

You collected 211 gold pieces.

Inventory:

Hand Weapons
 a - a +1 dagger of draining (weapon)
 m - a +2 short sword of speed
Armour
 b - a +0 robe (worn)
Jewellery
 e - a ring of magical power (left hand)
Wands
 k - a wand of polymorph (2)
Scrolls
 i - a scroll of amnesia
Potions
 d - 3 potions of haste
 g - a potion of attraction {unknown}
 j - 2 potions of magic
 l - a potion of heal wounds {unknown}
 o - a potion of degeneration {unknown}


   Skills:
 + Level 0.7 Fighting
 + Level 2.0 Short Blades
 + Level 2.1 Dodging
 * Level 5.9 Stealth
 + Level 3.4 Spellcasting
 * Level 4.2 Hexes


You had 5 spell levels left.
You knew the following spells:

 Your Spells              Type           Power      Damage    Failure   Level
a - Corona                Hex            28%        N/A       3%          1
b - Ensorcelled Hibernat  Hex/Ice        30%        N/A       11%         2
c - Confusing Touch       Hex            26%        N/A       9%          3

Your spell library contained the following spells:

 Spells                   Type           Power      Damage    Failure   Level
 Tukima's Dance           Hex            26%        N/A       9%          3
 Animate Skeleton         Necr           8%         N/A       17%         1
 Pain                     Necr           16%        1d4       17%         1
 Dazzling Flash           Conj/Hex       30%        N/A       22%         3
 Vampiric Draining        Necr           2%         2d6       45%         3
 Leda's Liquefaction      Hex/Erth       7%         N/A       56%         4
 Bolt of Magma            Conj/Fire/Erth 2%         4d4       99%         5
 Statue Form              Tmut/Erth      2%         N/A       100%        6


Dungeon Overview and Level Annotations

Branches:
Dungeon (4/15)
 Temple: D:4-7

Altars:
The Shining One

Shops:
D:3 *   D:4 *

Annotations:
D:3 Natasha


Innate Abilities, Weirdness & Mutations

You have extremely sharp teeth.
Your natural rate of healing is unusually fast.
When hurt, damage is shared between your health and your magic reserves.
Your bite disrupts and absorbs the magic of your enemies.
Potions cannot restore your health.
You are agile. (Dex +2)
Your system is resistant to poisons. (rPois)


Message History

The orc wizard is heavily wounded.
The orc wizard hits you but does no damage.
The orc hits you with a +0 flail! The orc closely misses you.
The orc barely misses you.
Unknown command.
You are too confused!
It was a potion of mutation.
You feel extremely strange.
You feel agile.
You feel resistant to poisons. The orc wizard barely misses you.
The orc barely misses you. x2
The orc closely misses you.
Okay, then.
You're too confused to cast spells.
It was a potion of haste.
You feel yourself speed up.
The orc wizard casts a spell.
The orc wizard flickers and vanishes!
Deactivating autopickup; reactivate with Ctrl-A.
The orc barely misses you. The orc hits you with a +0 hand axe.
The orc closely misses you.
It was a potion of brilliance.
You feel clever all of a sudden. Something hits you.
The orc hits you with a +0 flail. The orc hits you with a +0 hand axe.
The orc closely misses you.
You completely miss the orc. You bite the orc. You drain its power.
You feel invigorated.
The orc is lightly wounded.
Something hits you.
* * * LOW HITPOINT WARNING * * *
It was a potion of resistance.
You feel protected.
You feel less confused. The orc hits you with a +0 flail!
* * * LOW HITPOINT WARNING * * *
The orc hits you with a +0 club.
* * * LOW HITPOINT WARNING * * *
The orc closely misses you.
It was a potion of ambrosia.
You are confused.
Your system rejects the healing.
You feel invigorated. Something hits you.
* * * LOW HITPOINT WARNING * * *
The orc barely misses you. The orc hits you with a +0 hand axe.
You die...

........?...#
...........#
..........#
.........# ...
........#.....
...$...#.....#
#o...........#
#@{.....^....
#oo........#
#..........#
#..........#
#..........#
#..........#
#..........#
#..........#
############


You could see 3 orcs.

Vanquished Creatures
  An ogre (D:4)
  A crimson imp (D:3)
  Jessica (D:3)
  Robin (D:3)
  3 adders
  An adder skeleton (D:4)
  5 worms
  2 dart slugs
  2 orcs
  3 bats
  6 endoplasms
  5 giant cockroaches
  17 goblins
  6 hobgoblins
  5 jackals
  A quokka (D:2)
  2 ball pythons
  6 frilled lizards
  2 goblin skeletons (D:3)
  A goblin zombie (D:3)
  4 hobgoblin zombies (D:3)
  7 kobolds
  2 kobold skeletons (D:3)
  A kobold zombie (D:3)
  An orc skeleton (D:3)
  An orc zombie (D:3)
  12 rats
99 creatures vanquished.

Notes
Turn   | Place    | Note
-------+----------+-------------------------------------------
     0 | D:1      | Wyvernaa the Vine Stalker Enchanter began the quest for the
                  | Orb.
     0 | D:1      | Reached XP level 1. HP: 9/9 MP: 4/4
    65 | D:1      | Reached skill level 1 in Short Blades
   334 | D:1      | Reached XP level 2. HP: 11/13 MP: 4/6
   662 | D:1      | Learned a level 2 spell: Ensorcelled Hibernation
  1074 | D:1      | Reached XP level 3. HP: 14/16 MP: 7/7
  1143 | D:1      | Learned a level 3 spell: Confusing Touch
  1676 | D:2      | Upgraded the game from 0.27-a0-1525-g1038ab4fd7 to
                  | 0.27-a0-1529-g1e82c303ef
  1982 | D:2      | Found a faded altar of an unknown god.
  2144 | D:2      | Gained mutation: Your natural rate of healing is unusually
                  | fast. [Vine Stalker growth]
  2144 | D:2      | Reached XP level 4. HP: 21/21 MP: 7/9
  2358 | D:2      | Reached skill level 4 in Stealth
  2933 | D:3      | Noticed Jessica
  3188 | D:3      | Found Ynaus's Assorted Antiques.
  3565 | D:3      | Noticed Natasha
  3707 | D:3      | Killed Jessica
  3708 | D:3      | Reached XP level 5. HP: 25/25 MP: 10/10
  3933 | D:3      | Found a glowing golden altar of the Shining One.
  4126 | D:3      | Reached skill level 5 in Stealth
  4167 | D:3      | Noticed Robin
  4313 | D:3      | Killed Robin
  4806 | D:4      | Noticed an ogre
  4812 | D:4      | Killed an ogre
  4813 | D:4      | Reached XP level 6. HP: 29/29 MP: 12/12
  5015 | D:4      | Found Baentan's Assorted Antiques.
  5149 | D:4      | You fall into a shaft and drop 2 floors!
  5163 | D:6      | Gained mutation: You are agile. (Dex +2) [potion of
                  | mutation]
  5163 | D:6      | Gained mutation: Your system is resistant to poisons.
                  | (rPois) [potion of mutation]
  5167 | D:6      | HP: 1/29 [orc (2)]
  5168 | D:6      | Slain by an orc

Illustrated notes

Levels and vault maps discovered:
D:1:      psy_arrival_basics, layout_basic, minmay_tiny_reverse_x
D:2:      layout_rooms, shapermc_ecumenical_altar_totnotflames,
          serial_co_window_serial, co_window_corner_a, co_window_corner_a,
          co_window_paths_a, co_window_paths_a, co_window_corner_a,
          co_window_cross_3, co_window_broadway_c, co_window_broadway_a,
          co_window_2corner, co_window_of_opportunity_c, co_window_2corner,
          glass_columns_c, glass_columns_a, glass_columns_b
D:3:      layout_basic, nicolae_tso_besieged_by_evil, serial_shops, shop,
          interstate_on_off, grunt_ministairs_11, kennysheep_pointless_box,
          uniq_natasha, uniq_jessica, uniq_robin
D:4:      layout_basic, serial_shops, shop
D:6:      layout_basic

Skill      XL: |  1  2  3  4  5 |
---------------+----------------+-----
Short Blades   | 1 2 |  2.0
Stealth        | 4 5 |  5.9
Spellcasting   | 3 |  3.4
Dodging        | 2 |  2.1
Hexes          | 4 |  4.2
Fighting       | |  0.7

Action                   |  1- 3 |  4- 6 || total
-------------------------+-------+-------++-------
Melee: Dagger            |   106 |   128 ||   234
       Bite              |    22 |    25 ||    47
 Cast: Corona            |    20 |     5 ||    25
       Ensorcelled Hiber |    10 |    21 ||    31
  Use: Scroll            |     3 |     4 ||     7
       Potion            |       |     5 ||     5
 Stab: Sleeping          |    10 |    21 ||    31
Armor: Robe              |    27 |    17 ||    44
Dodge: Dodged            |    56 |    55 ||   111

Table legend: (Time is in decaauts)
 A = Elapsed time spent in this place.
 B = Non-inter-level travel time spent in this place.
 C = Inter-level travel time spent in this place.
 D = Time resting spent in this place.
 E = Time spent auto-exploring this place.
 F = Levels seen in this place.
 G = Mean time per level.
                   A        B        C        D        E       F      G
               +--------+--------+--------+--------+--------+-----+--------+
         Total |   5135 |   5027 |    108 |   1619 |   1891 |   5 | 1027.0 |
       Dungeon |   5135 |   5027 |    108 |   1619 |   1891 |   5 | 1027.0 |
               +--------+--------+--------+--------+--------+-----+--------+

Top non-repeatable levels by time:
     D:3: 1898 daAuts
     D:2: 1361 daAuts
     D:1: 1321 daAuts
     D:4: 536 daAuts
     D:6: 17 daAuts
